 Dungeon Crawl Stone Soup version 0.30-a0-989-g0d87f670db (webtiles) character file.

Game seed: 9883711560666601393

124 Anon1729 the Trooper (level 4, 0/36 (41) HPs)
             Began as a Minotaur Monk on Apr 2, 2023.
             Was a Priest of Qazlal.
             Slain by Edmund
             ... wielding a +2 flail of draining
              (8 damage)
             ... on level 4 of the Dungeon.
             The game lasted 00:01:18 (861 turns).

Anon1729 the Trooper (Minotaur Monk)                 Turns: 861, Time: 00:01:19

HP:   0/36 (41)     AC:  2    Str: 15    XL:     4   Next: 81%
MP:   4/4           EV: 14    Int: 13    God:    Qazlal [***...]
Gold: 119           SH:  4    Dex: 21    Spells: 3/3 levels left

rFire   . . .      SeeInvis .    a - +0 falchion
rCold   . . .      Faith    .    (no shield)
rNeg    . . .      Spirit   .    b - +0 robe
rPois   .          Reflect  .    (helmet restricted)
rElec   .          Rampage  .    (no cloak)
rCorr   .                        (no gloves)
Will    .....                    (no boots)
Stlth   ++                       (no amulet)
HPRegen 0.26/turn                l - +6 ring of intelligence
MPRegen 0.09/turn                n - +6 ring of dexterity

@: heavily drained
A: horns 2, retaliatory headbutt
a: Renounce Religion, Upheaval, Elemental Force


You were on level 4 of the Dungeon.
You worshipped Qazlal.
Qazlal was most pleased with you.
You visited 1 branch of the dungeon, and saw 3 of its levels.

You collected 119 gold pieces.

Inventory:

Hand Weapons
 a - a +0 falchion (weapon)
Armour
 b - a +0 robe (worn)
Jewellery
 l - a +6 ring of intelligence (left hand)
 n - a +6 ring of dexterity (right hand)
Wands
 p - a wand of acid (7)
Scrolls
 d - 5 scrolls of identify {unknown}
 e - a scroll of torment {unknown}
 f - a scroll of enchant weapon {unknown}
 g - a scroll of vulnerability {unknown}
 k - a scroll of silence {unknown}
 m - a scroll of teleportation {unknown}
Potions
 c - 2 potions of ambrosia
 h - 2 potions of might {unknown}
 i - a potion of attraction {unknown}
 j - a potion of flight {unknown}
 o - a potion of heal wounds {unknown}


   Skills:
 + Level 4.5 Fighting
 + Level 4.4 Long Blades
 + Level 4.1 Dodging
 - Level 2.0 Stealth
 * Level 2.0 Invocations


You had 3 spell levels left.
You didn't know any spells.
Your spell library contained the following spells:

 Spells                   Type           Power      Damage    Failure   Level
 Summon Small Mammal      Summ           0%         N/A       30%         1
 Call Canine Familiar     Summ           0%         N/A       67%         3
 Stone Arrow              Conj/Erth      0%         3d7       67%         3
 Summon Guardian Golem    Hex/Summ       0%         N/A       67%         3
 Animate Armour           Summ/Erth      0%         N/A       97%         4
 Lehudib's Crystal Spear  Conj/Erth      0%         10d2      100%        8


Dungeon Overview and Level Annotations

Branches:
Dungeon (2/15)

Altars:
Qazlal

Annotations:
D:4 Edmund


Innate Abilities, Weirdness & Mutations

You have a pair of horns on your head.
You reflexively headbutt those who attack you in melee.


Message History

Things that are here:
a +0 whip; 3 poisoned darts; an adder corpse
Things that are here:
a +0 dagger; an adder corpse; an orc corpse
c - 2 potions of ambrosia (gained 1)
Things that are here:
a +0 dagger; a +0 chain mail You now have 119 gold pieces (gained 11).
d - 5 scrolls labelled ZULUHADYFE (gained 1) Edmund the Younger comes into view.
He is wielding a +2 flail of draining.
Edmund shouts!
You hear an angry hiss.
Edmund is nearby!
Edmund is nearby!
Edmund is nearby!
You hit Edmund.
Edmund is lightly wounded.
Edmund clears his throat.
Edmund hits you with a +2 flail of draining.
You feel drained.
You hit Edmund.
Edmund is moderately wounded.
Edmund hits you with a +2 flail of draining!
You feel drained.
You closely miss Edmund. You headbutt Edmund.
Edmund is moderately wounded.
Edmund misses you.
You barely miss Edmund.
Edmund is moderately wounded.
Edmund misses you.
You hit Edmund.
Edmund is heavily wounded.
Edmund hits you with a +2 flail of draining.
You feel drained.
You hit Edmund but do no damage.
Edmund is heavily wounded.
Edmund hits you with a +2 flail of draining!
You feel drained.
* * * LOW HITPOINT WARNING * * *
Edmund hits you with a +2 flail of draining!
You die...

........ ... ...# ..
..##...#. ... .........
..[... ####........#
##..#... #.... ..$.#
#.......####...##@...###
...............°@......#
##.#.##..###..#○........
###...#...##...........#
.##...#.................
........................
#.#.......##...........#
####.......#.#......##.#
####.........#....... ##
.....................


You could see Edmund.

Vanquished Creatures
  An iguana (D:4)
  5 adders
  2 dart slugs (D:1)
  4 orcs (D:4)
  A bat (D:1)
  3 endoplasms
  3 giant cockroaches (D:1)
  7 goblins
  3 hobgoblins
  A quokka (D:2)
  6 ball pythons
  A frilled lizard (D:2)
  4 kobolds
  4 rats
45 creatures vanquished.

Notes
Turn   | Place    | Note
-------+----------+-------------------------------------------
     0 | D:1      | Anon1729 the Minotaur Monk began the quest for the Orb.
     0 | D:1      | Reached XP level 1. HP: 19/19 MP: 0/0
    91 | D:1      | Reached XP level 2. HP: 27/27 MP: 1/1
   190 | D:1      | Found a faded altar of an unknown god.
   201 | D:1      | Prayed at the altar of an unknown god.
   201 | D:1      | Became a worshipper of Qazlal Stormbringer
   201 | D:1      | Reached * piety under Qazlal
   201 | D:1      | Reached ** piety under Qazlal
   343 | D:1      | Reached *** piety under Qazlal
   546 | D:2      | Reached XP level 3. HP: 32/33 MP: 2/2
   698 | D:2      | Reached skill level 1 in Invocations
   787 | D:2      | You fall into a shaft and drop 2 floors!
   798 | D:4      | Reached XP level 4. HP: 39/41 MP: 2/4
   855 | D:4      | Noticed Edmund
   861 | D:4      | Slain by Edmund

Illustrated notes

Levels and vault maps discovered:
D:1:      doesnt_arrival_eight_statues, layout_basic, basic_ecumenical_altar,
          fountainhead, nrook_mini_vaults
D:2:      layout_loops_ring, grunt_ministairs_8, hangedman_decor_lopped
D:4:      layout_cave_pools, minmay_temple_entry_large_hall, corexii_shack,
          uniq_edmund, uniq_natasha, uniq_ijyb

Skill      XL: |  1  2  3  4 |
---------------+-------------+-----
Fighting       | 4 |  4.5
Long Blades    | 4 |  4.4
Stealth        | 2 |  2.0
Invocations    | 1 2 |  2.0
Dodging        | 4 |  4.1

Action                     |  1- 3 |  4- 6 || total
---------------------------+-------+-------++-------
  Melee: Falchion          |    71 |    22 ||    93
         Headbutt          |    10 |     4 ||    14
 Armour: Robe              |    20 |     2 ||    22
  Dodge: Dodged            |    35 |    12 ||    47
  Block: Other             |     5 |     2 ||     7

Table legend: (Time is in decaauts)
 A = Elapsed time spent in this place.
 B = Non-inter-level travel time spent in this place.
 C = Inter-level travel time spent in this place.
 D = Time resting spent in this place.
 E = Time spent auto-exploring this place.
 F = Levels seen in this place.
 G = Mean time per level.
                   A        B        C        D        E       F      G
               +--------+--------+--------+--------+--------+-----+--------+
         Total |    868 |    852 |     16 |      0 |    611 |   3 |  289.3 |
       Dungeon |    868 |    852 |     16 |      0 |    611 |   3 |  289.3 |
               +--------+--------+--------+--------+--------+-----+--------+

Top non-repeatable levels by time:
     D:1: 524 daAuts
     D:2: 268 daAuts
     D:4: 75 daAuts
